Match 42960088
Unlisted

Match 42960088
End
Construct Infanterie Kompanie
MG 42 Machine Gun Team
Grenadier Squad
Selects Luftwaffe Battlegroup
MG 42 Machine Gun Team
Construct Panzergrenadier Kompanie
Selects Stuka Strafing Run
Selects Fallschirmjäger Squad Paradrop
Fallschirmjäger Squad Paradrop
Fallschirmjäger Squad Paradrop
Stuka Strafing Run
Support Elements
StuG III G Assault Gun
Fallschirmjäger Squad Paradrop
StuG III G Assault Gun
Side Skirts
Panzergrenadier Officer Quarters
Stuka Strafing Run
Medical Station
Fallschirmjäger Squad Paradrop
Stuka Strafing Run
Selects Luftwaffe Pioneer Support
Selects Flak 38 Anti-Air Emplacement
Selects Flak 36 Anti-tank Gun Emplacement
Stuka Strafing Run
Pioneer Squad
Stuka Strafing Run
Selects Stuka Loiter
Selects Fragmentation Bombs
Fragmentation Bombs
MrBiggles
Miško
qazxsw
L1mbo
BloodSpark
Chubbybro
Cons01
montique_mark
0
0

Comments sign in to comment!

No comments posted yet!